 Dungeon Crawl Stone Soup version 0.23.2-1-ga50397a (webtiles) character file.

Game seed: 6731493476314022844

127082 Fang the Warrior (level 17, -2/116 HPs)
             Began as a Gargoyle Berserker on May 8, 2019.
             Was the Champion of Trog.
             Slain by a merfolk
             ... wielding a +0 trident
              (14 damage)
             ... on level 2 of the Shoals on May 9, 2019.
             The game lasted 00:54:50 (22410 turns).

Fang the Warrior (Gargoyle Berserker)              Turns: 22410, Time: 00:54:51

Health: -2/116     AC: 35    Str: 34    XL:     17   Next: 0%
Magic:  26/26      EV: 14    Int:  9    God:    Trog [******]
Gold:   2411       SH:  0    Dex:  9    Spells: 16/16 levels left

rFire    x . .     SeeInvis +   t - +12 broad axe of Ofipaps {drain, rF- rC++ SInv Stlth+}
rCold    + + .     Gourm    .   (no shield)
rNeg     + + .     Faith    .   b - +2 plate armour
rPois    ∞         Spirit   .   N - +0 hat {MR+}
rElec    +         Reflect  .   O - scarf {cloud immunity}
rCorr    .         Harm     .   (no gloves)
MR       ++...                  (no boots)
Stlth    ..........             s - amulet of regeneration
HPRegen  0.69/turn              i - +4 ring of protection
MPRegen  0.20/turn              e - ring of Joy {*Slow +Fly rN+ MP+9 Str+7}

@: flying
A: big wings, negative energy resistance 1, electricity resistance, unbreathing,
petrification resistance, rot immunity, AC +12
a: Stop Flying, Berserk, Trog's Hand, Brothers in Arms, Renounce Religion


You were on level 2 of the Shoals.
You worshipped Trog.
Trog was exalted by your worship.
You were not hungry.

You visited 5 branches of the dungeon, and saw 26 of its levels.
You also visited: Sewer, Ossuary, Bailey and Gauntlet.

You collected 2546 gold pieces.
You spent 135 gold pieces at shops.

Inventory:

Hand Weapons
 a - a +3 war axe
 d - a +2 broad axe of protection
 t - the +12 broad axe of Ofipaps (weapon) {drain, rF- rC++ SInv Stlth+}
   (Trog gifted it to you on level 8 of the Dungeon)

   A truly terrible weapon, it drains the life of those it strikes.
   It makes you vulnerable to fire.
   It greatly protects you from cold.
   It lets you see invisible.
   It makes you more stealthy.
 C - a +4 antimagic broad axe
 F - the +7 war axe of Understanding {chop, rF+ rN+++ Str+2 Dex-4}
   (You found it in a bailey)

   It inflicts extra damage upon your enemies.
   It affects your strength (+2).
   It affects your dexterity (-4).
   It protects you from fire.
   It renders you almost immune to negative energy.
 G - a +4 war axe of electrocution
 H - a +7 battleaxe of flaming
 J - a +3 battleaxe of venom
 M - a +5 executioner's axe of chopping
Armour
 b - a +2 plate armour (worn)
 L - a scarf of repulsion
 N - a +0 hat of magic resistance (worn)
 O - a scarf of cloud immunity (worn)
 Q - a +0 helmet of see invisible
Jewellery
 e - the ring of Joy (right hand) {*Slow +Fly rN+ MP+9 Str+7}
   (You found it on level 6 of the Lair of Beasts)

   [ring of positive energy]

   It affects your strength (+7).
   It protects you from negative energy.
   It affects your magic capacity (+9).
   It lets you fly.
   It may slow you when you take damage.
 i - a +4 ring of protection (left hand)
 l - an uncursed ring of resist corrosion
 s - an amulet of regeneration (around neck)
Wands
 j - a wand of clouds (5)
 q - a wand of paralysis (18)
 u - a wand of scattershot (4)
 x - a wand of iceblast (8)
 A - a wand of flame (50)
 B - a wand of polymorph (7)
 D - a wand of disintegration (58)
 E - a wand of random effects (46)
 I - a wand of acid (4)
 K - a wand of digging (2)
Scrolls
 h - 3 scrolls of fear
 k - 5 scrolls of magic mapping
 n - 7 scrolls of teleportation
 o - 11 scrolls of remove curse
 w - a scroll of identify
 y - 3 scrolls of fog
 R - a scroll of holy word {unknown}
Potions
 f - 2 potions of haste
 g - 2 potions of berserk rage
 m - 4 potions of mutation
 p - 8 potions of might
 r - 9 potions of agility
 v - 5 potions of heal wounds
 z - 9 potions of curing
 P - 2 potions of invisibility
Comestibles
 c - 34 rations


   Skills:
 + Level 16.8 Fighting
 + Level 14.5 Axes
 + Level 15.3 Armour
 + Level 12.2 Dodging


You had 16 spell levels left.
You didn't know any spells.
Your spell library was empty.

Dungeon Overview and Level Annotations

Branches:
Dungeon (15/15)            Temple (1/1) D:7            Lair (6/6) D:10
 Shoals (2/4) Lair:2       Spider (0/4) Lair:3        Slime (0/5) Lair:6
    Orc (2/2) D:12            Elf (0/3) Orc:2        Vaults (0/5) D:14
 Depths (0/5) D:15

Altars:
Ashenzari
Cheibriados
Dithmenos
Elyvilon
Fedhas
Hepliaklqana
Makhleb
Nemelex Xobeh
Okawaru
Qazlal
Ru
Sif Muna
Trog
Uskayaw
Vehumet
Zin
The Shining One
Jiyva

Shops:
D:6 =   D:7 *   D:8 [   D:13 !*(   Orc:1 :   Orc:2 [*}%

Annotations:
Lair:1 Botoluu's ghost, journeyman DDGl
Lair:3 exclusion: oklob plant


Innate Abilities, Weirdness & Mutations

You are resistant to torment.
Your stone body is resilient. (AC +12)
You are immune to poison.
Your large and strong wings let you fly indefinitely.
You resist negative energy. (rN+)
You are resistant to electric shocks. (rElec)
You can survive without breathing.
You are immune to petrification.
You are immune to rotting.


Message History

You are too injured to fight recklessly!
The merfolk aquamancer casts a spell at you.
The ball of steam hits you but does no damage.
The merfolk misses you.
You are too injured to fight recklessly!
The merfolk closely misses you.
The merfolk aquamancer casts a spell at you.
The shard of ice misses you. The merfolk barely misses you.
Things that are here:
a +0 trident; a merfolk corpse You hit the merfolk.
You drain the merfolk.
You kill the merfolk!
Trog accepts your kill.
You hear a splash. x3
You have reached level 17!
The merfolk aquamancer gestures at you while chanting.
The shard of ice hits you!! You partially resist.
* * * LOW HITPOINT WARNING * * *
The merfolk hits you from afar with a +0 trident!
You die...

≈,** *,,≈≈≈≈≈≈≈≈≈≈≈≈≈≈≈.,*,≈≈≈≈≈≈
≈≈,***,≈≈≈≈≈≈≈≈≈≈≈≈≈≈≈≈.,,,≈≈≈≈≈≈
≈≈≈≈,,,≈≈≈≈≈≈≈≈≈≈≈≈≈≈≈≈≈≈,,≈≈≈≈≈≈
≈≈≈≈,,≈≈≈≈≈≈≈≈≈≈≈≈≈≈t≈≈≈≈≈≈≈,≈≈≈≈
≈≈≈≈≈≈≈,,≈≈≈≈≈§§§≈≈≈..≈≈≈≈≈≈,≈≈≈≈
≈≈≈≈≈,,,,...≈≈≈§≈≈≈....(≈≈≈≈≈,≈≈≈
≈≈≈≈,,,,,,#...§§≈§≈..#*,≈≈≈≈≈≈≈≈≈
≈≈≈≈,,,,**##.≈m)§§§.##*,,≈≈≈≈≈≈≈≈
≈≈≈≈,,,**###..§m@≈≈.###..≈,,≈≈≈≈≈
≈≈≈≈,,,**#......†.§.......,,,,≈≈≈
≈≈≈,,,,**.........(.#####**,,,≈≈≈
≈≈≈≈,,,,,...Y..≈≈...######**,,≈≈≈
≈≈≈≈≈,,,,...###.≈...(.#..# *,,,.≈
≈≈≈≈≈≈,,,...* #.≈........###.≈≈≈≈
≈≈≈≈≈≈≈,,≈≈,* #...≈..........≈≈≈≈
≈≈≈≈≈≈≈≈≈,,,**#...≈≈...###.≈.≈≈≈≈
≈≈≈≈≈≈,≈≈≈≈,,*#.........##.≈≈≈≈≈≈


You could see a merfolk aquamancer, a snapping turtle, a merfolk and a dream
sheep.

Vanquished Creatures
  A kraken (Shoals:1)
  Kirke (Lair:5)
  A minotaur (Gauntlet)
  An ettin (Orc:1)
  A merfolk impaler (Shoals:2)
  A yaktaur captain (D:15)
  An ogre mage (D:15)
  Erolcha (Orc:1)
  8 hydras
  A merfolk avatar (Shoals:1)
  A ghost crab (Gauntlet)
  A catoblepas (Gauntlet)
  2 centaur warriors
  2 dancing weapons (D:14)
  13 two-headed ogres
  4 death yaks (Lair:5)
  4 orc high priests
  2 tengu warriors (D:15)
  A deep elf knight (Orc:1)
  3 skeletal warriors (D:15)
  3 sea snakes (Shoals:1)
  An unseen horror (D:14)
  4 wizards
  Pikel (D:6)
  7 orc knights
  5 harpies (Shoals:2)
  6 deep elf magi
  4 oklob plants (Lair:6)
  3 fauns (Shoals:1)
  7 orc sorcerers
  A wolf spider (Lair:3)
  5 manticores
  A water nymph (Shoals:2)
  10 elephants
  4 cyclopes
  2 merfolk sirens
  A molten gargoyle (Gauntlet)
  7 black mambas
  10 spiny frogs
  3 gargoyles
  3 komodo dragons
  A rime drake (shapeshifter) (D:15)
  A yaktaur (D:15)
  9 merfolk
  2 jumping spiders (Lair:3)
  6 polar bears (Lair:6)
  Grinder (D:6)
  10 trolls
  3 wind drakes
  9 hornets
  24 blink frogs
  4 slime creatures (D:13)
  A snapping turtle (Shoals:1)
  12 hippogriffs
  6 dream sheep
  16 spriggans (Lair:6)
  Sigmund (D:6)
  36 yaks
  2 wraiths
  2 shadows (D:12)
  4 water elementals
  3 hogs (Lair:5)
  5 basilisks
  3 hungry ghosts
  A neqoxec (Gauntlet)
  3 wyverns
  3 chaos spawn (Gauntlet)
  2 steam dragons
  4 vampire mosquitoes
  Menkaure (D:4)
  A soldier ant (D:10)
  A two-headed ogre zombie (Orc:1)
  6 wargs
  2 hell hounds (Lair:4)
  10 water moccasins
  11 porcupines
  3 slaves (D:6)
  42 orc warriors
  3 ice beasts
  7 black bears
  A meliai simulacrum (D:15)
  2 sky beasts
  A necrophage (D:14)
  3 boggarts (Lair:6)
  36 ogres
  29 wolves
  A phantom (D:9)
  10 centaurs
  17 crocodiles
  7 big kobolds
  13 bullfrogs
  2 scorpions
  9 killer bees
  16 wights
  8 electric eels
  5 howler monkeys
  6 centaur zombies
  9 crimson imps
  2 quasits (D:8)
  3 bullfrog zombies
  21 orc priests
  10 hounds
  6 jellies
  5 bullfrog skeletons
  5 centaur skeletons
  An iguana (D:9)
  25 orc wizards
  8 worker ants
  2 big kobold zombies (Ossuary)
  4 ogre zombies (Ossuary)
  2 hound zombies
  2 hound skeletons
  8 mummies
  A worker ant zombie (D:5)
  2 howler monkey skeletons (D:9)
  2 howler monkey zombies
  14 adders
  10 gnolls
  8 river rats (Sewer)
  7 shadow imps
  3 adder zombies (Ossuary)
  2 worms
  5 dart slugs
  3 leopard geckos
  96 orcs
  9 ball pythons
  4 giant cockroaches
  17 goblins
  6 hobgoblins
  4 quokkas
  3 bats
  8 frilled lizards
  3 goblin zombies (Ossuary)
  4 hobgoblin zombies (Ossuary)
  34 kobolds
  5 kobold zombies (Ossuary)
  A quokka skeleton (D:4)
  4 quokka zombies (Ossuary)
  22 rats
  4 rat zombies (Ossuary)
  6 fungi
  6 plants
  4 tentacles (Shoals:1)
  2 toadstools (D:13)
977 creatures vanquished.

Vanquished Creatures (collateral kills)
  2 orc warlords (Orc:1)
2 creatures vanquished.

Vanquished Creatures (others)
  A deep elf mage (Orc:1)
  3 fungi
  4 plants
  2 toadstools (D:13)
  A withered plant (Gauntlet)
11 creatures vanquished.

Grand Total: 990 creatures vanquished

Notes
Turn   | Place    | Note
-------+----------+-------------------------------------------
     0 | D:1      | Fang the Gargoyle Berserker began the quest for the Orb.
     0 | D:1      | Reached XP level 1. HP: 14/14 MP: 1/1
   137 | D:1      | Reached XP level 2. HP: 19/19 MP: 2/2
   532 | D:2      | Reached XP level 3. HP: 23/23 MP: 3/3
   532 | D:2      | Found a sparkling altar of Nemelex Xobeh.
   606 | D:2      | Reached XP level 4. HP: 17/29 MP: 4/4
   738 | D:2      | Reached ** piety under Trog
  1198 | D:3      | Reached skill level 4 in Fighting
  1273 | D:3      | Found a shattered altar of Ashenzari.
  1297 | D:3      | Reached XP level 5. HP: 33/33 MP: 5/5
  1415 | D:3      | Found a stormy altar of Qazlal.
  1439 | D:3      | Found a glowing drain.
  1485 | Sewer    | Entered a sewer
  1591 | Sewer    | Reached XP level 6. HP: 38/39 MP: 6/6
  1667 | Sewer    | Reached *** piety under Trog
  2113 | D:3      | Reached skill level 5 in Fighting
  2113 | D:3      | Reached XP level 7. HP: 18/44 MP: 7/7
  2419 | D:4      | Noticed Menkaure
  2433 | D:4      | Killed Menkaure
  2433 | D:4      | Reached **** piety under Trog
  2725 | D:4      | Reached skill level 5 in Armour
  2924 | D:4      | Reached XP level 8. HP: 48/51 MP: 8/8
  3273 | D:5      | Entered Level 5 of the Dungeon
  3273 | D:5      | Found an iron altar of Okawaru.
  3306 | D:5      | Reached skill level 6 in Fighting
  3411 | D:5      | Reached skill level 5 in Axes
  3670 | D:5      | Found a bloodstained altar of Trog.
  3786 | D:5      | Found a snail-covered altar of Cheibriados.
  3985 | D:6      | Noticed Grinder
  4006 | D:6      | Reached XP level 9. HP: 56/56 MP: 9/9
  4015 | D:6      | Found Newazxoh's Jewellery Shoppe.
  4017 | D:6      | Paralysed by Grinder for 2 turns
  4024 | D:6      | Killed Grinder
  4024 | D:6      | Reached skill level 7 in Fighting
  4024 | D:6      | Reached skill level 5 in Dodging
  4188 | D:6      | Noticed Sigmund
  4203 | D:6      | Killed Sigmund
  4224 | D:6      | Found a glowing golden altar of the Shining One.
  4570 | D:6      | Noticed Pikel
  4586 | D:6      | Killed Pikel
  4586 | D:6      | Reached ***** piety under Trog
  4586 | D:6      | Reached skill level 8 in Fighting
  4745 | D:7      | Found a staircase to the Ecumenical Temple.
  4751 | Temple   | Entered the Ecumenical Temple
  5099 | D:7      | Reached XP level 10. HP: 64/64 MP: 10/10
  5143 | D:7      | Found Wiph's General Store.
  5649 | D:8      | Found a sand-covered staircase.
  5656 | Ossuary  | Entered an ossuary
  6020 | D:8      | Received a gift from Trog
  6023 | D:8      | Got a faintly glowing broad axe {god gift}
  6024 | D:8      | Identified the +12 broad axe of Ofipaps {drain, rF- rC++
                  | SInv Stlth+} (Trog gifted it to you on level 8 of the
                  | Dungeon)
  6213 | D:8      | Found Atipus's Armour Emporium.
  6219 | D:8      | Reached skill level 11 in Fighting
  6219 | D:8      | Reached XP level 11. HP: 74/74 MP: 11/11
  6522 | D:9      | Found a radiant altar of Vehumet.
  6522 | D:9      | Found a white marble altar of Elyvilon.
  6522 | D:9      | Found a hide-covered altar of Uskayaw.
  6522 | D:9      | Found a shadowy altar of Dithmenos.
  6522 | D:9      | Found a glowing silver altar of Zin.
  6522 | D:9      | Found a hazy altar of Hepliaklqana.
  6999 | D:9      | Found a blossoming altar of Fedhas.
  7087 | D:9      | Reached skill level 10 in Axes
  7352 | D:10     | Entered Level 10 of the Dungeon
  7356 | D:10     | Found a staircase to the Lair.
  7364 | D:10     | Received a gift from Trog
  7375 | D:10     | Reached skill level 12 in Fighting
  7452 | D:10     | Reached XP level 12. HP: 74/81 MP: 12/12
  7657 | D:10     | Noticed a three-headed hydra
  7665 | D:10     | Killed a one-headed hydra
  7728 | D:10     | Reached skill level 10 in Armour
  8223 | D:10     | Received a gift from Trog
  8375 | Lair:1   | Entered Level 1 of the Lair of Beasts
  8448 | Lair:1   | Found a runed translucent gate.
  8452 | Lair:1   | Found a runed translucent gate.
  8452 | Lair:1   | Noticed Botoluu's ghost (journeyman DDGl)
  8453 | Lair:1   | Found a runed translucent gate.
  8453 | Lair:1   | Noticed an 11-headed hydra
  9335 | Lair:1   | Killed a six-headed hydra
  9978 | Lair:2   | Reached skill level 13 in Fighting
 10017 | Lair:2   | Found a staircase to the Shoals.
 10292 | Lair:3   | Reached XP level 13. HP: 86/88 MP: 13/13
 10663 | Lair:3   | Found a hole to the Spider Nest.
 11303 | Lair:4   | Found a gate leading to a gauntlet.
 11390 | Lair:4   | Received a gift from Trog
 11418 | Gauntlet | Entered a Gauntlet
 11418 | Gauntlet | Found a transporter.
 11418 | Gauntlet | Found a transporter.
 11418 | Gauntlet | Found a large runed translucent door.
 11418 | Gauntlet | Found a large runed translucent door.
 11418 | Gauntlet | Found a large runed translucent door.
 11418 | Gauntlet | Found a large runed translucent door.
 11418 | Gauntlet | Found a large runed translucent door.
 11418 | Gauntlet | Found a large runed translucent door.
 11418 | Gauntlet | Found a runed translucent door.
 11418 | Gauntlet | Found a runed translucent door.
 11418 | Gauntlet | Found a large runed translucent door.
 11418 | Gauntlet | Found a large runed translucent door.
 11418 | Gauntlet | Found a large runed translucent door.
 11418 | Gauntlet | Found a large runed translucent door.
 11418 | Gauntlet | Found a large runed translucent door.
 11418 | Gauntlet | Found a large runed translucent door.
 11419 | Gauntlet | Found a large runed translucent door.
 11419 | Gauntlet | Found a large runed translucent door.
 11419 | Gauntlet | Found a large runed translucent door.
 11419 | Gauntlet | Found a large runed translucent door.
 11427 | Gauntlet | Found a runed translucent gate.
 11427 | Gauntlet | Found a runed translucent gate.
 11427 | Gauntlet | Found a runed translucent gate.
 11429 | Gauntlet | Found a transporter.
 11450 | Gauntlet | Found a transporter.
 11472 | Gauntlet | Found a transporter.
 11489 | Gauntlet | Found a transporter.
 11593 | Gauntlet | Found a transporter.
 11594 | Gauntlet | Found a transporter.
 11603 | Gauntlet | Found a transporter.
 11626 | Gauntlet | Found a transporter.
 11631 | Gauntlet | Found a transporter.
 11638 | Gauntlet | Found a transporter.
 11638 | Gauntlet | Found a transporter.
 11638 | Gauntlet | Noticed an entropy weaver
 11645 | Gauntlet | Found a transporter.
 11747 | Gauntlet | Found a transporter.
 11766 | Gauntlet | Found a transporter.
 12130 | Gauntlet | Noticed a minotaur
 12155 | Gauntlet | Killed a minotaur
 13007 | Lair:5   | Reached skill level 14 in Fighting
 13011 | Lair:5   | Gained mutation: Your large and strong wings let you fly
                  | indefinitely. [Gargoyle growth]
 13011 | Lair:5   | Reached XP level 14. HP: 83/96 MP: 14/14
 13208 | Lair:5   | Noticed Kirke
 13222 | Lair:5   | Killed Kirke
 13630 | Lair:6   | Entered Level 6 of the Lair of Beasts
 13749 | Lair:6   | Reached skill level 10 in Dodging
 13819 | Lair:6   | Found a staircase to the Slime Pits.
 13819 | Lair:6   | Found a viscous altar of Jiyva.
 14007 | Lair:6   | Received a gift from Trog
 14258 | Lair:6   | Reached ****** piety under Trog
 14325 | Lair:6   | Received a gift from Trog
 14571 | Lair:6   | Reached skill level 15 in Fighting
 14585 | Lair:6   | Reached XP level 15. HP: 61/103 MP: 15/15
 14588 | Lair:6   | Got a wavering silver ring
 14626 | Lair:6   | Identified the ring of Joy {*Slow +Fly rN+ MP+9 Str+7} (You
                  | found it on level 6 of the Lair of Beasts)
 16213 | D:12     | Found a staircase to the Orcish Mines.
 16518 | D:13     | Found Nuxoetyrey's Distillery.
 16582 | D:13     | Found Urchumaf's Weapon Boutique.
 16909 | D:13     | Found Hutiamev's Assorted Antiques.
 16922 | D:13     | Received a gift from Trog
 17254 | D:14     | Found a gate to the Vaults.
 17724 | D:15     | Entered Level 15 of the Dungeon
 18165 | D:15     | Found a sacrificial altar of Ru.
 18362 | D:15     | Found a staircase to the Depths.
 18498 | Orc:1    | Entered Level 1 of the Orcish Mines
 18506 | Orc:1    | Found a flagged portal.
 18522 | Bailey   | Entered a bailey
 18788 | Bailey   | Got an ichor-stained war axe
 18789 | Bailey   | Identified the +7 war axe of Understanding {chop, rF+ rN+++
                  | Str+2 Dex-4} (You found it in a bailey)
 18813 | Bailey   | Received a gift from Trog
 18987 | Orc:1    | Identified a scroll of acquirement
 19101 | Orc:1    | Reached XP level 16. HP: 93/110 MP: 16/16
 19253 | Orc:1    | Reached skill level 16 in Fighting
 19405 | Orc:1    | Received a gift from Trog
 19672 | Orc:1    | Found Viulaokh's Book Shop.
 20136 | Orc:1    | Noticed Erolcha
 20153 | Orc:1    | Killed Erolcha
 20320 | Orc:2    | Entered Level 2 of the Orcish Mines
 20342 | Orc:2    | Received a gift from Trog
 20498 | Orc:2    | Found a staircase to the Elven Halls.
 20923 | Orc:2    | Found Wamnail's Food Shoppe.
 20923 | Orc:2    | Found Noivof's Gadget Shop.
 20926 | Orc:2    | Found Mylewow's Assorted Antiques.
 20926 | Orc:2    | Found Zutiowk's Antique Armour Shop.
 21028 | Orc:2    | Bought a potion of heal wounds for 135 gold pieces
 21251 | Shoals:1 | Entered Level 1 of the Shoals
 21277 | Shoals:1 | Reached skill level 15 in Armour
 21700 | Shoals:1 | Received a gift from Trog
 21799 | Shoals:1 | Noticed a kraken
 21810 | Shoals:1 | Killed a kraken
 22409 | Shoals:2 | Reached XP level 17. HP: 40/116 MP: 17/17
 22410 | Shoals:2 | Slain by a merfolk

Skill      XL: |  1  2  3  4  5  6  7  8  9 10 11 12 13 14 15 16 |
---------------+-------------------------------------------------+-----
Axes           | 3 4 5 6 9 10 11 12 13 14 | 14.5
Dodging        | 2 3 4 6 7 8 9 10 11 12 | 12.2
Armour         | 3 4 5 6 7 8 9 10 12 13 14 15 | 15.3
Fighting       | 4 5 6 8 11 12 13 14 15 16 | 16.8

Action                   |  1- 3 |  4- 6 |  7- 9 | 10-12 | 13-15 | 16-18 || total
-------------------------+-------+-------+-------+-------+-------+-------++-------
Melee: Hand axe          |    77 |   344 |   416 |       |       |       ||   837
       Battleaxe         |       |       |    29 |   144 |   451 |       ||   624
       Broad axe         |       |       |       |   303 |   533 |   365 ||  1201
       War axe           |       |       |       |       |     4 |       ||     4
Invok: Berserk           |       |     2 |     3 |     1 |     9 |     2 ||    17
       Brothers in Arms  |       |       |       |     1 |       |     1 ||     2
       Trog's Hand       |       |       |       |       |     1 |     1 ||     2
 Abil: Fly               |       |       |       |       |     1 |       ||     1
  Use: Scroll            |       |       |    19 |    16 |    15 |     3 ||    53
       Potion            |       |       |       |     1 |     4 |     2 ||     7
 Stab: Sleeping          |       |     1 |       |       |       |       ||     1
  Eat: Chunk             |       |     6 |    15 |    13 |    42 |    13 ||    89
       Ration            |       |       |       |     2 |       |       ||     2
Armor: Animal skin       |    27 |    50 |       |       |       |       ||    77
       Plate armour      |       |   230 |   395 |   359 |   872 |   209 ||  2065
Dodge: Dodged            |    47 |   152 |   203 |   237 |   726 |   255 ||  1620
